 Dungeon Crawl Stone Soup version 0.21-a0-480-g5da0f0d (webtiles) character file.

176 slep the Ducker (level 5, -5/45 HPs)
             Began as a Minotaur Wanderer on Nov 22, 2017.
             Slain by a gnoll
             ... wielding a +0 spear
              (6 damage)
             ... on level 4 of the Dungeon.
             The game lasted 00:10:18 (1890 turns).

slep the Ducker (Minotaur Wanderer)                 Turns: 1890, Time: 00:10:19

Health: -5/45      AC: 16    Str: 15 (16) XL:     5   Next: 30%
Magic:  5/5        EV:  7    Int:  7 (9)  God:
Gold:   148        SH:  0    Dex:  8 (11) Spells: 6/6 levels left

rFire    . . .     SeeInvis .   b - +0 falchion
rCold    . . .     Gourm    .   (no shield)
rNeg     . . .     Faith    .   z - +4 chain mail
rPois    .         Spirit   .   (helmet restricted)
rElec    .         Reflect  .   (no cloak)
rCorr    .         Harm     .   x - +0 pair of gloves
MR       .....     Clarity  +   e - +2 pair of boots
Stlth    ..........             s - amulet of rage
HPRegen  0.15/turn              (no ring)
MPRegen  0.09/turn              (no ring)

@: no status effects
A: retaliatory headbutt, horns 2, thin skeletal structure 1, clarity, dopey 1,
low mp 1
a: Evoke Berserk Rage


You were on level 4 of the Dungeon.
You were hungry.

You visited 1 branch of the dungeon, and saw 4 of its levels.

You collected 148 gold pieces.

Inventory:

Hand Weapons
 a - a +0 blowgun
 b - a +0 falchion (weapon)
 t - a +0 short sword
Missiles
 k - 24 poisoned needles
Armour
 e - a +2 pair of boots (worn)
 w - a +2 leather armour
 x - a +0 pair of gloves (worn)
 z - a +4 chain mail (worn)
Jewellery
 s - an amulet of rage (around neck)
Scrolls
 f - 2 scrolls of identify {unknown}
 h - a scroll of fear {unknown}
 l - a scroll of blinking {unknown}
 o - a scroll of enchant armour {unknown}
 p - a scroll of magic mapping {unknown}
 r - a scroll of immolation {unknown}
 y - a scroll of remove curse {unknown}
Potions
 c - a potion of lignification
 g - a potion of degeneration
 m - a potion of ambrosia {unknown}
 q - a potion of haste {unknown}
 u - 2 potions of curing {unknown}
 v - a potion of magic {unknown}
 A - a potion of brilliance {unknown}
Comestibles
 d - 2 bread rations
 i - 2 meat rations
 n - 3 fruits


   Skills:
 + Level 3.5 Fighting
 + Level 2.6(2.7) Short Blades
 + Level 1.0(2.1) Long Blades
 + Level 1.0 Throwing
 + Level 1.8 Armour
 + Level 4.0 Dodging
 + Level 0.5 Stealth
 + Level 1.3 Spellcasting
   Level 1.2 Hexes
 + Level 1.0 Evocations


You had 6 spell levels left.
You didn't know any spells.

Dungeon Overview and Level Annotations

Branches:
Dungeon (4/15)
 Temple: D:4-7

Altars:
Gozag


Innate Abilities, Weirdness & Mutations

You reflexively headbutt those who attack you in melee.
You have a pair of horns on your head.
You have a somewhat thin skeletal structure. (Dex +2, Stealth)
You possess an exceptional clarity of mind.
You are dopey. (Int -2)
Your magical capacity is low. (-10% MP)


Message History

* * * LOW HITPOINT WARNING * * *
The iguana bites you.
* * * LOW HITPOINT WARNING * * *
The iguana bites you but does no damage.
The gnoll barely misses you.
The gnoll hits you from afar with a halberd.
* * * LOW HITPOINT WARNING * * *
It was a potion of degeneration.
There was something very wrong with that liquid.
You feel weakened.
You feel dopey.
You feel clumsy. The iguana barely misses you.
You riposte.
You hit the iguana.
The iguana is almost dead.
The gnoll hits you from afar with a spear.
* * * LOW HITPOINT WARNING * * *
It was a potion of mutation.
You feel extremely strange.
You feel less energetic.
Your bones become slightly less dense.
You feel stupid.
Your thoughts seem clearer.
The gnoll barely misses you.
The gnoll hits you from afar with a spear.
You die...

.............
............ #
........... #?
##.........# ###..##
#.........#
....#..#####g.......#
.......<#.l...gg....#
............###l##..#
.........#### #@#
.........# ###
........g# ..........
..........
..........#
........##


You could see an iguana and 2 gnolls.

Vanquished Creatures
  Robin (D:3)
  A gnoll (D:4)
  7 adders
  A worm (D:2)
  A dart slug (D:1)
  3 leopard geckos
  5 orcs (D:3)
  6 giant cockroaches
  13 goblins
  7 hobgoblins
  4 jackals (D:3)
  4 quokkas
  5 bats
  5 frilled lizards
  8 kobolds
  6 rats
77 creatures vanquished.

Notes
Turn   | Place    | Note
-------+----------+-------------------------------------------
     0 | D:1      | slep the Minotaur Wanderer began the quest for the Orb.
     0 | D:1      | slep set off with: a +2 leather armour, a +0 short sword, a potion of lignification, a bread ration
     0 | D:1      | Reached XP level 1. HP: 18/18 MP: 1/1
   125 | D:1      | Reached XP level 2. HP: 25/25 MP: 2/2
   718 | D:2      | Reached XP level 3. HP: 22/31 MP: 3/3
   762 | D:2      | Reached skill level 3 in Dodging
   926 | D:2      | Reached XP level 4. HP: 26/38 MP: 4/4
   949 | D:2      | Found a faded altar of an unknown god.
  1147 | D:3      | Noticed Robin
  1176 | D:3      | Killed Robin
  1176 | D:3      | Reached skill level 1 in Armour
  1406 | D:3      | Reached XP level 5. HP: 10/45 MP: 5/5
  1655 | D:3      | Found an opulent altar of Gozag.
  1766 | D:3      | Reached skill level 4 in Dodging
  1880 | D:4      | Reached skill level 1 in Long Blades
  1889 | D:4      | HP: 1/45 [gnoll/spear (3)]
  1890 | D:4      | Gained mutation: Your magical capacity is low. (-10% MP) [potion of mutation]
  1890 | D:4      | Gained mutation: You have a somewhat thin skeletal structure. (Dex +2, Stealth) [potion of mutation]
  1890 | D:4      | Gained mutation: You are dopey. (Int -2) [potion of mutation]
  1890 | D:4      | Gained mutation: You possess an exceptional clarity of mind. [potion of mutation]
  1890 | D:4      | Slain by a gnoll

Vault maps used:
D:1:      saegor_arrival_simple_f
D:2:      first_bread, chequers_ecumenical_altar_twisty
D:3:      nicolae_gozag_cash_rules_everything_around_me, uniq_robin
D:4:      uniq_blork_the_orc

Skill      XL: |  1  2  3  4  5 |
---------------+----------------+-----
Fighting       | 3 |  3.5
Dodging        | 3 4 |  4.0
Short Blades   | 2 |  2.6
Armour         | 1 |  1.8
Long Blades    | 1 |  1.0
Throwing       | |  1.0
Stealth        | |  0.5
Spellcasting   | |  1.3
Hexes          | |  1.2
Evocations     | |  1.0

Action                   |  1- 3 |  4- 6 || total
-------------------------+-------+-------++-------
Melee: Short sword       |   118 |    77 ||   195
       Headbutt          |     9 |    14 ||    23
       Falchion          |       |    69 ||    69
  Use: Potion            |       |     2 ||     2
  Eat: Chunk             |       |     3 ||     3
Armor: Leather armour    |    47 |    48 ||    95
       Chain mail        |       |    28 ||    28
Dodge: Dodged            |    81 |   109 ||   190
       Rpst.: Falchion   |       |     8 ||     8

Table legend:
 A = Spawn XP
 B = Non-spawn XP
 C = Spawn XP percentage of total XP
 D = Spawn monster count
 E = Non-spawn monster count
 F = Spawn count percentage of total count
 G = Total turns spent on level
                    A         B        C        D         E        F      G
               +---------+---------+-------+---------+---------+-------+---------
         Total |       0 |     252 |   0.0 |       0 |      77 |   0.0 |  1890
               +---------+---------+-------+---------+---------+-------+---------
           D:1 |       0 |      28 |   0.0 |       0 |      15 |   0.0 |   707
           D:2 |       0 |      76 |   0.0 |       0 |      17 |   0.0 |   370
           D:3 |       0 |     120 |   0.0 |       0 |      43 |   0.0 |   784
           D:4 |       0 |      28 |   0.0 |       0 |       2 |   0.0 |    29
               +---------+---------+-------+---------+---------+-------+---------
